 Dungeon Crawl Stone Soup version 0.32-a0-43-g058985b245 (webtiles) character file.

Game seed: 11861602041810295154

2720863 whatisthis the Intangible (level 26, 216/216 HPs)
             Began as a Merfolk Brigand on Feb 4, 2024.
             Was a High Priest of Hepliaklqana.
             Escaped with the Orb
             ... and 4 runes
             ... and 1 gem on Feb 5, 2024!
             The game lasted 04:20:15 (56555 turns).

whatisthis the Intangible (Merfolk Brigand)        Turns: 56555, Time: 04:20:16

Health: 216/216    AC: 13    Str:  9    XL:     26   Next: 99%
Magic:  45/45      EV: 29    Int: 11    God:    Hepliaklqana [*****.]
Gold:   1627       SH: 21    Dex: 30    Spells: 25/25 levels left

rFire   + + +        a - +8 demon blade "Leech" {evervamp, Harm ^Drain rN+}
rCold   + . .        Q - +5 kite shield {reflect}
rNeg    + . .        W - +0 fire dragon scales of Gallantry {rF++ rC- Int+2 Dex+4}
rPois   .            (helmet restricted)
rElec   .            X - scarf {rC+ rF+}
rCorr   +            e - +0 pair of gloves of Wif Kuan {+Blink rCorr MP+9 Int-2}
SInv    +            K - +0 pair of boots "Naubitta" {Rampage Str-3 Slay+5 Stlth+}
Will    +....        k - amulet of regeneration
Stlth   ++           r - +5 ring of evasion
HPRegen 1.36/turn    h - ring "Quackoir" {rC+ SInv}
MPRegen 0.29/turn

%: harm (+30% outgoing, +20% incoming), reflection, rampage
@: hasted, studying Unarmed Combat, invisible, very quick
A: reduced essence, (nimble swimmer 2), mertail, antennae 1, wild magic 1,
inability to read after injury 1
0: Orb of Zot
}: 4/15 runes: barnacled, silver, abyssal, gossamer
a: Renounce Religion, Evoke Blink, Recall Ancestor, Ancestor Identity,
Transference, Idealise


You escaped.
You worshipped Hepliaklqana.
Hepliaklqana was extremely pleased with you.
You visited 10 branches of the dungeon, and saw 46 of its levels.
You visited the Abyss 3 times.
You also visited: Trove, Ossuary and Volcano.

You collected 6781 gold pieces.
You spent 5154 gold pieces at shops.

Inventory:

Hand Weapons
 a - the +8 demon blade "Leech" (weapon) {evervamp, Harm ^Drain rN+}
   (You acquired it on level 1 of the Shoals)

   rN+:       It protects you from negative energy.
   ^Drain:    It drains your maximum health when unequipped.
   Harm:      It increases damage dealt and taken.
 N - the +3 double sword of the Inferno {freeze, Str+3 Int-2 SInv}
   (You acquired it on level 12 of the Dungeon)

   Str+3:     It affects your strength (+3).
   Int-2:     It affects your intelligence (-2).
   SInv:      It lets you see invisible.
Missiles
 b - a throwing net
 n - 26 boomerangs
 q - 8 silver javelins (quivered)
 I - 13 curare-tipped darts
 T - 11 javelins
Armour
 c - the scarf of Minor Irritation {repulsion, rElec}
   (You found it in a treasure trove)

   rElec:     It insulates you from electricity.
 e - the +0 pair of gloves of Wif Kuan (worn) {+Blink rCorr MP+9 Int-2}
   (You found it on level 10 of the Dungeon)

   Int-2:     It affects your intelligence (-2).
   MP+9:      It affects your magic capacity (+9).
   +Blink:    It lets you blink.
   rCorr:     It protects you from acid and corrosion.
 K - the +0 pair of boots "Naubitta" (worn) {Rampage Str-3 Slay+5 Stlth+}
   (You found it in a treasure trove)

   Str-3:     It affects your strength (-3).
   Slay+5:    It affects your accuracy & damage with ranged weapons and melee
   (+5).
   Rampage:   It bestows one free step when moving towards enemies.
   Stlth+:    It makes you more stealthy.
 Q - a +5 kite shield of reflection (worn)
 S - the +1 helmet of Bellicose the Good {Dex+5}
   (You found it in a treasure trove)

   Dex+5:     It affects your dexterity (+5).
 W - the +0 fire dragon scales of Gallantry (worn) {rF++ rC- Int+2 Dex+4}
   (You bought it in a shop on level 2 of the Orcish Mines)

   Int+2:     It affects your intelligence (+2).
   Dex+4:     It affects your dexterity (+4).
   rF++:      It greatly protects you from fire.
   rC-:       It makes you vulnerable to cold.
 X - a scarf of resistance (worn)
Jewellery
 d - a ring of poison resistance
 h - the ring "Quackoir" (right hand) {rC+ SInv}
   (You found it on level 1 of the Shoals)

   [ring of protection from cold]

   rC+:       It protects you from cold.
   SInv:      It lets you see invisible.
 k - an amulet of regeneration (around neck)
 r - a +5 ring of evasion (left hand)
 y - a ring of fire
 D - a +4 ring of protection
 J - the ring "Vibomn" {Will+ Dex+3}
   (You acquired it on level 12 of the Dungeon)

   [ring of willpower]

   Dex+3:     It affects your dexterity (+3).
   Will+:     It increases your willpower.
Wands
 v - a wand of roots (36)
 C - a wand of charming (44)
 H - a wand of digging (2)
 M - a wand of flame (75)
 Y - a wand of mindburst (30)
 Z - a wand of light (31)
Scrolls
 j - 3 scrolls of fog
 o - 6 scrolls of enchant weapon
 s - 12 scrolls of teleportation
 w - 7 scrolls of fear
 x - 3 scrolls of blinking
 A - 8 scrolls of poison
 E - 3 scrolls of butterflies
 F - 5 scrolls of silence
 L - a scroll of enchant armour
Potions
 f - 2 potions of enlightenment
 g - 4 potions of haste
 i - 6 potions of lignification
 m - 3 potions of cancellation
 p - 9 potions of curing
 t - a potion of invisibility
 u - 4 potions of heal wounds
 z - 2 potions of resistance
 B - 2 potions of berserk rage
 G - 6 potions of magic
 P - 8 potions of brilliance
 R - 5 potions of ambrosia
 U - 6 potions of might
 V - 7 potions of mutation
Miscellaneous
 O - a lightning rod (2/4)


   Skills:
 - Level 26.8 Fighting
 - Level 2.4(12.1) Short Blades
 - Level 18.1 Long Blades
 + Level 18.2 Throwing
 - Level 8.0 Armour
 O Level 27 Dodging
 - Level 8.0 Stealth
 + Level 14.4 Shields
 + Level 19.9 Invocations


You had 25 spell levels left.
You didn't know any spells.
Your spell library contained the following spells:

 Spells                   Type           Power      Damage    Failure   Level
 Apportation              Tloc           0%         N/A       100%        1
 Foxfire                  Conj/Fire      0%         2x1d4     100%        1
 Magic Dart               Conj           0%         1d3       100%        1
 Necrotise                Necr           0%         1d4       100%        1
 Sandblast                Erth           0%         2d4       100%        1
 Slow                     Hex            0%         N/A       100%        1
 Sting                    Conj/Alch      0%         1d3       100%        1
 Summon Small Mammal      Summ           0%         N/A       100%        1
 Blink                    Tloc           0%         N/A       100%        2
 Call Imp                 Summ           0%         N/A       100%        2
 Ensorcelled Hibernation  Hex/Ice        0%         N/A       100%        2
 Jinxbite                 Hex            0%         N/A       100%        2
 Lesser Beckoning         Tloc           0%         N/A       100%        2
 Mercury Vapours          Alch/Air       0%         N/A       100%        2
 Momentum Strike          Conj/Tloc      0%         3d8       100%        2
 Scorch                   Fire           0%         2d5       100%        2
 Searing Ray              Conj           0%         2d4       100%        2
 Static Discharge         Conj/Air       0%         3-3/arc   100%        2
 Confusing Touch          Hex            0%         N/A       100%        3
 Frozen Ramparts          Ice            0%         1d1       100%        3
 Fugue of the Fallen      Necr           0%         N/A       100%        3
 Gell's Gravitas          Tloc           0%         N/A       100%        3
 Mephitic Cloud           Conj/Alch/Air  0%         N/A       100%        3
 Ozocubu's Armour         Ice            0%         N/A       100%        3
 Passwall                 Erth           0%         N/A       100%        3
 Sigil of Binding         Hex            0%         N/A       100%        3
 Stone Arrow              Conj/Erth      0%         3d7       100%        3
 Summon Ice Beast         Ice/Summ       0%         N/A       100%        3
 Swiftness                Air            0%         N/A       100%        3
 Tukima's Dance           Hex            0%         N/A       100%        3
 Vampiric Draining        Necr           0%         2d6       100%        3
 Volatile Blastmotes      Fire/Tloc      0%         2d10      100%        3
 Airstrike                Air            0%         2d(0-16)  100%        4
 Anguish                  Hex/Necr       0%         N/A       100%        4
 Animate Armour           Summ/Erth      0%         N/A       100%        4
 Brom's Barrelling Bould  Conj/Erth      0%         2d3       100%        4
 Cause Fear               Hex            0%         N/A       100%        4
 Dimensional Bullseye     Hex/Tloc       0%         N/A       100%        4
 Flame Wave               Conj/Fire      0%         2d4       100%        4
 Fulminant Prism          Conj/Alch      0%         3d5       100%        4
 Ignite Poison            Fire/Alch      0%         N/A       100%        4
 Iskenderun's Mystic Bla  Conj/Tloc      0%         2d3       100%        4
 Leda's Liquefaction      Alch/Erth      0%         N/A       100%        4
 Olgreb's Toxic Radiance  Alch           0%         N/A       100%        4
 Passage of Golubria      Tloc           0%         N/A       100%        4
 Petrify                  Alch/Erth      0%         N/A       100%        4
 Summon Blazeheart Golem  Fire/Summ      0%         N/A       100%        4
 Summon Lightning Spire   Summ/Air       0%         N/A       100%        4
 Fireball                 Conj/Fire      0%         3d3       100%        5
 Freezing Cloud           Conj/Ice/Air   0%         6-21      100%        5
 Lee's Rapid Deconstruct  Erth           0%         3d4*      100%        5
 Metabolic Englaciation   Hex/Ice        0%         N/A       100%        5
 Silence                  Hex/Air        0%         N/A       100%        5
 Summon Forest            Summ/Tloc      0%         N/A       100%        5
 Summon Mana Viper        Hex/Summ       0%         N/A       100%        5
 Yara's Violent Unravell  Hex/Alch       0%         3d3       100%        5
 Bombard                  Conj/Erth      0%         9d1       100%        6
 Sculpt Simulacrum        Ice/Alch       0%         N/A       100%        6
 Summon Cactus Giant      Summ           0%         N/A       100%        6
 Enfeeble                 Hex            0%         N/A       100%        7
 Haunt                    Necr/Summ      0%         N/A       100%        7
 Malign Gateway           Summ/Tloc      0%         N/A       100%        7
 Monstrous Menagerie      Summ           0%         N/A       100%        7
 Orb of Destruction       Conj           0%         9d5       100%        7
 Spellforged Servitor     Conj/Summ      0%         N/A       100%        7
 Disjunction              Tloc           0%         N/A       100%        8
 Summon Horrible Things   Summ           0%         N/A       100%        8
 Dragon's Call            Summ           0%         N/A       100%        9


Dungeon Overview and Level Annotations

Branches:
Dungeon (15/15)            Temple (1/1) D:7            Lair (5/5) D:10
 Shoals (4/4) Lair:3       Spider (4/4) Lair:2        Slime (0/5) Lair:5
    Orc (2/2) D:10            Elf (1/3) Orc:2        Vaults (5/5) D:14
  Crypt (0/3) Vaults:3     Depths (4/4) D:15            Zot (5/5) Depths:4
Ossuary (visited)         Volcano (visited)

Altars:
Ashenzari
Cheibriados
Dithmenos
Elyvilon
Fedhas
Gozag
Hepliaklqana
Kikubaaqudgha
Makhleb
Nemelex Xobeh
Okawaru
Qazlal
Ru
Sif Muna
Trog
Uskayaw
Vehumet
Wu Jian
Xom
Yredelemnul
Zin
The Shining One
Jiyva

Shops:
D:1 [   D:2 *(*?   D:10 ([   D:11 [   Orc:2 *?[[   Elf:1 *   Shoals:2 ?
Vaults:1 [*=*(   Vaults:4 [   Vaults:5 [*   Depths:3 (**

Portals:
Hell: Depths:1 Depths:2 Depths:3 Depths:4
Abyss: Depths:3 Depths:4
Pandemonium: Depths:2 Depths:3 Depths:4
Ziggurat: Depths:4

Annotations:
D:14 1 runed translucent door, Ceno's ghost, journeyman AtWr; Roxanne
Lair:5 1 runed translucent door, Azoth's ghost, journeyman DsGl
Vaults:2 Frederick
Zot:3 1 runed translucent door, exclusion: downstairs, Xeareikh's ghost, veteran DrSh
Zot:4 exclusion: upstairs


Innate Abilities, Weirdness & Mutations

Your life essence is reduced to manifest your ancestor. (-10% HP)
((You are very nimble when in or above water. (Stealth+, EV+, Speed+++)))
Your lower body shifts to a powerful aquatic tail in water.
You have a pair of small antennae on your head.
Your spells are a little harder to cast, but a little more powerful.
You occasionally lose the ability to read scrolls when taking damage.


Message History

The Ice Fiend calls on the powers of darkness!
Your body is wracked with pain!
There is a stone staircase leading up here.
You climb upwards.
There is a stone staircase leading down here.
You feel much better.
You feel much better.
You feel better.
You feel better.
You feel better.
You feel better.
There is an open door here.
There is an open door here.
You see here a +0 flail.
There is a stone staircase leading up here.
You climb upwards.
There is a stone staircase leading down here.
HP restored.
You sense a monster nearby.
A neqoxec comes into view.
Aiming: Dig
Press: ? - help, Shift-Dir - straight line A rock wall.
This square is covered in magical glow.
The rock shatters into small pieces.
There is a stone staircase leading up here.
You climb upwards.
There is a stone staircase leading down here.
There is a stone staircase leading up here.
You climb upwards.
There is a stone staircase leading down here.
You feel yourself speed up.
You fade into invisibility!
Your legs become a tail as you enter the water. ...but don't expect to remain undetected.
The +0 pair of boots "Naubitta" {Rampage Str-3 Slay+5 Stlth+} melds into your body.
A shadow demon comes into view.
The +0 pair of boots "Naubitta" {Rampage Str-3 Slay+5 Stlth+} unmelds from your body.
There is a staircase leading out of the dungeon here.
You have escaped!

##.###.####..###.............
#....### ##.#######.........
#......####...####...........
##..#.....#..~..#.....#...####
####...#8..~....~..2.~..8#...##
.......##...~..~~~..~...##....#
.......#...).~~~~~~~.....#....#
...........~~~~...~~~~........#
.........~~~~~..@..~~~~~......###
...........~~~~...~~~~........#..
.......#.....~~~~~~~.....#.#..#.#
.......##...~..~~~..~...##.#..#.#
.......#8..~....~....~..8#.#....#
.......#.....#..~..#.....#......#
#..###.....####...####..........#
#.## #...#######.## ###.....#...
#.## #............####..##...#...


You could see a shadow demon.

Vanquished Creatures
  2 dread liches
  4 orbs of fire (Zot:5)
  A juggernaut (Depths:2)
  Saint Roka (Orc:1)
  4 Killer Klowns (Zot:5)
  A caustic shrike (Depths:3)
  3 golden dragons
  Nikola (Spider:3)
  A bone dragon (Depths:4)
  2 electric golems (Zot:5)
  13 tentacled monstrosities
  4 liches
  15 Orb Guardians
  4 titans
  A searing wretch (Depths:3)
  2 quicksilver dragons
  Asterion (Vaults:3)
  4 death cobs
  2 sphinxes
  2 tentacled starspawn
  Gastronok (D:10)
  13 storm dragons
  2 tengu reavers (Vaults:5)
  4 shadow dragons
  A protean progenitor (Zot:5)
  A fire giant (Depths:3)
  10 vault wardens
  6 draconian monks
  3 draconian knights
  An iron dragon (Vaults:5)
  7 emperor scorpions
  2 deep elf elementalists
  7 ghost moths
  5 frost giants
  The ghost of ragingrage the Wallflower, a journeyman DsRe of Uskayaw (Shoals:1)
  2 balrugs
  A deep elf sorcerer (Vaults:5)
  2 draconian shifters (Zot:3)
  A caustic shrike zombie (Abyss:3)
  A juggernaut zombie (Depths:2)
  8 ironbound preservers
  A cacodemon (Abyss:3)
  5 very ugly things
  A draconian stormcaller (Zot:2)
  A draconian annihilator (Zot:2)
  2 formless jellyfish
  9 ironbound thunderhulks
  2 reapers
  9 stone giants
  2 vampire knights
  Nessos (D:12)
  2 deep elf annihilators
  2 deep elf demonologists (Vaults:5)
  4 deep elf death magi
  5 green draconians
  2 yellow draconians
  A spark wasp (Depths:2)
  7 black draconians
  A war gargoyle (Vaults:4)
  2 purple draconians
  9 white draconians
  10 red draconians
  5 dire elephants
  4 ettins
  A green death (Depths:2)
  6 merfolk impalers
  8 great orbs of eyes
  3 merfolk javelineers
  4 fire dragons
  14 yaktaur captains
  15 vault guards
  3 entropy weavers
  3 deep elf high priests
  Fannar (D:12)
  2 ogre magi
  3 hydras
  A radroach (Lair:2)
  A peacekeeper (Vaults:4)
  2 rakshasas (Depths:2)
  Harold (D:10)
  A salamander tyrant (Elf:1)
  2 ice dragons (Depths:2)
  3 boulder beetles
  7 ironbound frosthearts
  A spriggan air mage (Depths:3)
  2 alligator snapping turtles
  2 merfolk aquamancers
  A merfolk avatar (Shoals:2)
  A jorogumo (Spider:1)
  16 centaur warriors
  3 tengu warriors
  2 satyrs (Shoals:4)
  3 deep troll earth magi
  3 two-headed ogres
  7 death yaks
  3 deep troll shamans
  5 dancing weapons
  A vampire mage (Depths:4)
  A hell hog (Depths:1)
  2 spriggan berserkers (Depths:4)
  2 occultists
  5 thrashing horrors
  5 demonic crawlers
  4 sun demons
  9 hell knights
  4 skeletal warriors
  5 pharaoh ants
  2 wretched stars
  24 deep trolls
  3 skysharks
  A sixfirhy (Depths:2)
  2 iron trolls (Depths:2)
  A flayed ghost (Depths:3)
  3 sea snakes
  A golden dragon zombie (Depths:2)
  3 arcanists (Vaults:4)
  2 glowing orange brains (Depths:3)
  A deep elf archer (Elf:1)
  3 orb spiders
  11 ironbound convokers
  A sun moth (shapeshifter) (Vaults:5)
  6 phantasmal warriors
  8 steelbarb worms
  3 orc knights
  5 large abominations
  11 harpies
  Pikel (D:8)
  A spriggan simulacrum (Abyss:3)
  A harpy (shapeshifter) (D:15)
  7 lindwurms
  5 necromancers
  14 wolf spiders
  17 deep elf pyromancers
  6 deep elf zephyrmancers (Elf:1)
  An orc sorcerer (Orc:2)
  A stone giant zombie (Vaults:4)
  14 fauns
  23 ugly things
  A tengu skeleton (Depths:2)
  Maurice (D:10)
  7 manticores
  A guardian serpent (Abyss:2)
  5 kobold blastminers
  9 cyclopes
  2 black mambas
  3 merfolk sirens
  7 moths of wrath
  23 slime creatures
  3 elephants (Lair:5)
  Joseph (D:10)
  11 vault sentinels
  2 eyes of devastation (Depths:2)
  3 smoke demons
  4 water nymphs
  6 cane toads
  2 orange demons (Abyss:3)
  2 molten gargoyles (Volcano)
  2 rime drakes
  3 torpor snails (Spider:4)
  A freezing wraith (D:14)
  10 yaktaurs
  A kobold demonologist (D:10)
  9 komodo dragons
  A tengu conjurer (D:15)
  3 polar bears
  14 merfolk
  A yaktaur skeleton (Vaults:1)
  6 trolls
  3 wind drakes
  A red devil (Volcano)
  12 blink frogs
  3 dream sheep
  8 tarantellas
  A merfolk (shapeshifter) (Vaults:5)
  A raiju (Abyss:2)
  A glass eye (Depths:1)
  5 snapping turtles
  A glass eye (shapeshifter) (Vaults:5)
  11 jumping spiders
  10 culicivoras
  2 ynoxinuls (Abyss:3)
  2 wraiths
  A vampire (Abyss:3)
  A shadow (D:11)
  40 yaks
  2 hogs (Lair:3)
  13 water elementals
  Eustachio (D:3)
  6 humans (D:9)
  4 wyverns
  2 fire elementals (Elf:1)
  28 redbacks
  4 fire bats (Abyss:3)
  A neqoxec (Abyss:3)
  4 basilisks
  2 wargs
  10 vampire mosquitoes
  A steam dragon (D:8)
  A chaos spawn (Abyss:3)
  A swamp worm (shapeshifter) (Vaults:5)
  A spatial vortex (Abyss:2)
  5 acid dragons
  22 water moccasins
  A glowing shapeshifter skeleton (Vaults:4)
  36 orc warriors
  9 laughing skulls
  6 ogres
  A battlemage (Spider:1)
  4 centaurs
  4 boggarts
  6 wolves
  11 starcursed masses (Abyss:3)
  A lemure (D:8)
  2 phantoms
  2 kobold brigands
  4 earth elementals
  A gnoll sergeant (D:8)
  15 bullfrogs
  3 scorpions
  4 water moccasin zombies (Ossuary)
  5 wights
  A burial acolyte (Ossuary)
  12 killer bees
  A vampire bat (D:15)
  2 electric eels
  2 hounds
  3 jellies
  A gnoll bouda (D:3)
  10 orc priests
  7 iguanas
  3 sleepcaps
  Jessica (D:3)
  13 orc wizards
  5 hell rats
  2 crocodile zombies (Ossuary)
  2 mummies (Ossuary)
  15 gnolls
  10 adders
  A white imp (D:6)
  7 ufetubi
  2 adder zombies (Ossuary)
  4 dart slugs
  46 orcs
  6 ball pythons
  15 bats
  6 endoplasms
  5 giant cockroaches
  6 gnoll zombies (Ossuary)
  5 goblins
  3 hobgoblins
  2 jackals (D:1)
  3 quokkas
  A frilled lizard (D:1)
  4 jackal zombies (Ossuary)
  22 kobolds
  4 orc zombies (Ossuary)
  4 rats
  2 aspiring fleshes (Zot:5)
  2 starspawn tentacles
1294 creatures vanquished.

Vanquished Creatures (collateral kills)
  A dread lich (Zot:5)
  2 ancient liches
  An orb of fire (Zot:3)
  Mara (Vaults:2)
  Parghit (Zot:1)
  Margery (Depths:3)
  A curse toe (Zot:1)
  4 golden dragons
  9 tentacled monstrosities
  11 Orb Guardians (Zot:5)
  A walking crystal tome (Depths:2)
  6 liches
  2 walking divine tomes (Depths:3)
  A walking earthen tome (Depths:3)
  A tentacled starspawn (Abyss:3)
  An acid blob (Spider:4)
  5 sphinxes
  A titan (Vaults:5)
  2 quicksilver dragons
  2 death cobs (Zot:1)
  Frances (D:14)
  4 shadow dragons
  2 tengu reavers (Vaults:5)
  Donald (Vaults:3)
  6 storm dragons
  A daeva (Abyss:3)
  Kirke (Lair:3)
  A protean progenitor (Zot:5)
  4 draconian monks
  3 draconian shifters (Zot:3)
  An iron dragon (Depths:3)
  2 frost giants
  5 fire giants
  11 vault wardens
  2 emperor scorpions (Spider:4)
  3 draconian knights (Zot:3)
  A ghost moth (Spider:2)
  A spectral juggernaut (Depths:3)
  4 draconian scorchers
  12 ironbound preservers
  2 draconian annihilators (Zot:3)
  4 very ugly things (Depths:4)
  A formless jellyfish (Vaults:1)
  5 stone giants
  2 green draconians (Zot:2)
  A war gargoyle (Vaults:5)
  2 vampire knights
  A deep elf death mage (Vaults:5)
  2 ironbound thunderhulks
  7 white draconians
  2 yellow draconians
  2 red draconians (Zot:3)
  3 dire elephants
  4 black draconians
  2 purple draconians (Zot:2)
  2 spark wasps (Depths:2)
  4 merfolk impalers (Shoals:4)
  2 blizzard demons
  An entropy weaver (Vaults:1)
  A fire dragon (Depths:4)
  An eidolon (Abyss:2)
  2 ettins (Depths:1)
  2 green deaths
  2 yaktaur captains
  2 ice dragons
  5 great orbs of eyes
  21 vault guards
  A rakshasa (Depths:2)
  2 ogre magi (Vaults:5)
  A radroach (Spider:3)
  Erolcha (Orc:1)
  7 centaur warriors
  A peacekeeper (Vaults:4)
  A merfolk avatar (Shoals:4)
  2 satyrs (Shoals:4)
  A catoblepas (Lair:5)
  A death knight (D:14)
  5 ironbound frosthearts
  4 two-headed ogres (Vaults:5)
  2 boulder beetles
  3 deep troll earth magi
  4 death yaks
  A merfolk aquamancer (Shoals:2)
  2 dancing weapons (Elf:1)
  2 hell hogs (Depths:1)
  A demonic crawler (Spider:2)
  2 deep troll shamans
  3 thrashing horrors
  A titan skeleton (Vaults:4)
  2 wretched stars (Abyss:1)
  10 hell knights
  2 iron trolls
  2 skysharks
  4 sun demons (Depths:2)
  5 sea snakes
  27 deep trolls
  A pharaoh ant (Lair:2)
  A sixfirhy (Zot:4)
  2 flayed ghosts
  3 orb spiders
  2 arcanists (Vaults:3)
  4 phantasmal warriors
  2 glowing orange brains
  5 lindwurms
  2 shadow demons
  A steelbarb worm (Spider:4)
  8 ironbound convokers
  5 wolf spiders
  7 harpies
  5 deep elf pyromancers
  2 deep elf zephyrmancers (Elf:1)
  2 orc knights
  4 necromancers
  An orc sorcerer (Volcano)
  2 oklob plants
  10 manticores
  A cyclops (Shoals:4)
  A glowing shapeshifter (D:14)
  A fire giant zombie (Vaults:4)
  14 ugly things
  A salamander (shapeshifter) (D:14)
  7 fauns
  9 vault sentinels
  2 elephants (Lair:5)
  3 meliai (D:15)
  10 moths of wrath
  2 salamanders (Depths:1)
  2 human skeletons (Vaults:1)
  2 kobold blastminers
  3 black mambas
  6 smoke demons
  A titan simulacrum (Abyss:2)
  A torpor snail (Spider:2)
  2 hellions
  3 cane toads
  5 large abominations
  12 yaktaurs
  An unseen horror (shapeshifter) (D:14)
  2 freezing wraiths
  An orange demon (Abyss:2)
  A rime drake (Lair:3)
  A komodo dragon (Lair:1)
  2 ancient zymes (Abyss:1)
  A tormentor (Depths:1)
  4 tengu conjurers
  15 merfolk
  2 wind drakes (Shoals:2)
  A merfolk (shapeshifter) (Vaults:5)
  14 starcursed masses
  2 tengu simulacra (Depths:2)
  2 trolls
  A polar bear (Lair:5)
  11 tarantellas
  11 blink frogs
  3 raiju
  3 dream sheep
  5 snapping turtles
  2 jumping spiders
  5 water elementals
  7 culicivoras
  A shadow (D:10)
  A small abomination (Abyss:1)
  A vampire (D:11)
  13 yaks
  22 slime creatures
  2 wyverns (Lair:1)
  A yak (shapeshifter) (Vaults:5)
  4 hogs (Lair:3)
  A basilisk (D:15)
  3 fire bats
  2 ynoxinuls
  3 wargs
  2 chaos spawn
  A steam dragon (Lair:3)
  17 redbacks
  4 vampire mosquitoes
  A glowing shapeshifter zombie (Vaults:1)
  4 acid dragons
  5 hell hounds
  4 water moccasins
  3 laughing skulls
  8 orc warriors
  3 black bears
  5 wolves
  3 ogres
  A boggart (Vaults:2)
  4 centaurs (Orc:2)
  A kobold brigand (D:9)
  A brain worm (Abyss:3)
  6 bullfrogs
  An earth elemental (Elf:1)
  4 lava snakes (Volcano)
  2 orc priests (Orc:1)
  8 orc wizards
  A hell rat (Lair:3)
  A dart slug (D:3)
  17 orcs
  3 bats (D:15)
  A kobold (D:10)
  3 starspawn tentacles
727 creatures vanquished.

Vanquished Creatures (others)
  A lich (Depths:3)
  A very ugly thing (Abyss:3)
  A fire dragon (Abyss:3)
  A satyr (Shoals:4)
  A wretched star (Abyss:3)
  A merfolk (Shoals:2)
  An air elemental (Elf:1)
  A water elemental (Elf:1)
  4 fire bats (Abyss:3)
  6 chaos spawn (Abyss:3)
  A centaur (Orc:2)
  3 ancestors
  61 battlemagi
  A hell rat (Lair:3)
  A white imp (Abyss:3)
  14 starspawn tentacles
99 creatures vanquished.

Grand Total: 2120 creatures vanquished

Notes
Turn   | Place    | Note
-------+----------+-------------------------------------------
     0 | D:1      | whatisthis the Merfolk Brigand began the quest for the Orb.
     0 | D:1      | Reached XP level 1. HP: 16/16 MP: 1/1
   124 | D:1      | Reached XP level 2. HP: 17/23 MP: 2/2
   162 | D:1      | Reached skill level 1 in Long Blades
   162 | D:1      | Reached skill level 2 in Dodging
   506 | D:1      | Reached XP level 3. HP: 28/28 MP: 3/3
   571 | D:1      | Found Tepnoug's Antique Armour Shop.
   657 | D:2      | Found Roemohu's Antique Weapon Shop.
   659 | D:2      | Found Koydyi's General Store.
   814 | D:2      | Found Cubb's Antique Weapon Boutique.
   819 | D:2      | Found Tiexeb's Assorted Antiques.
   855 | D:2      | Found Sawaypn's Magic Scroll Boutique.
  1244 | D:2      | Reached skill level 3 in Dodging
  1244 | D:2      | Reached XP level 4. HP: 32/35 MP: 4/4
  1269 | D:2      | Identified the +1 robe of Marbles {-Tele Str+4}
  1711 | D:3      | Reached XP level 5. HP: 18/41 MP: 5/5
  2023 | D:3      | Noticed Jessica
  2402 | D:2      | Reached skill level 4 in Dodging
  2742 | D:3      | Killed Jessica
  2743 | D:3      | Reached XP level 6. HP: 48/48 MP: 6/6
  3311 | D:4      | Found a sand-covered staircase.
  3316 | Ossuary  | Entered an ossuary
  3414 | Ossuary  | Reached skill level 5 in Dodging
  3447 | Ossuary  | Reached XP level 7. HP: 36/55 MP: 7/7
  3552 | Ossuary  | Reached skill level 5 in Fighting
  3561 | Ossuary  | Reached skill level 5 in Long Blades
  3885 | D:4      | Reached skill level 6 in Dodging
  4547 | D:4      | Noticed Eustachio
  4582 | D:3      | Killed Eustachio
  4583 | D:3      | Reached XP level 8. HP: 51/64 MP: 8/8
  4663 | D:5      | Entered Level 5 of the Dungeon
  4970 | D:5      | Reached skill level 7 in Dodging
  5499 | D:5      | Found a shimmering blue altar of Sif Muna.
  5499 | D:5      | Found a sparkling altar of Nemelex Xobeh.
  5726 | D:5      | Reached skill level 8 in Dodging
  6163 | D:6      | Reached XP level 9. HP: 72/72 MP: 9/9
  7079 | D:7      | Found a snail-covered altar of Cheibriados.
  8067 | D:7      | Found a staircase to the Ecumenical Temple.
  8135 | D:7      | Found a glowing golden altar of the Shining One.
  8136 | D:7      | Found a blossoming altar of Fedhas.
  8136 | D:7      | Found an opulent altar of Gozag.
  8464 | Temple   | Entered the Ecumenical Temple
  8485 | Temple   | Became a worshipper of Hepliaklqana the Forgotten
  8645 | D:8      | Reached skill level 10 in Long Blades
  8712 | D:8      | Reached XP level 10. HP: 76/85 MP: 10/10
  8781 | D:8      | Identified the +0 plate armour "Xuimiz" {Str+3 Slay+5}
  8810 | D:8      | Reached skill level 10 in Fighting
  9338 | D:8      | Noticed Pikel
  9417 | D:8      | Killed Pikel
  9792 | D:9      | Reached * piety under Hepliaklqana
 10245 | D:9      | Reached XP level 11. HP: 70/85 MP: 11/11
 10734 | D:10     | Entered Level 10 of the Dungeon
 11039 | D:10     | Noticed a two-headed ogre
 11071 | D:10     | Killed a two-headed ogre
 11111 | D:10     | Found a staircase to the Lair.
 11165 | D:10     | Noticed Maurice
 11168 | D:10     | Maurice stole 221 gold
 11172 | D:10     | Maurice stole a ring of ice
 11177 | D:10     | Killed Maurice
 11322 | D:10     | Identified the +0 pair of gloves of Wif Kuan {+Blink rCorr
                  | MP+9 Int-2}
 11404 | D:10     | Found Feojo's Armour Emporium.
 11406 | D:10     | Found a staircase to the Orcish Mines.
 11407 | D:10     | Found Enyutuof's Weapon Emporium.
 11419 | D:10     | Noticed Joseph
 11453 | D:10     | Killed Joseph
 11472 | D:10     | Reached ** piety under Hepliaklqana
 11473 | D:10     | Remembered your ancestor Taribatum as a battlemage
 11620 | D:10     | Noticed a deep elf pyromancer
 11646 | D:10     | Noticed a soul eater
 11787 | D:11     | Noticed a white ugly thing
 12019 | D:10     | Noticed a sixfirhy
 12171 | D:10     | Killed a deep elf pyromancer
 12206 | D:10     | Noticed Gastronok
 12218 | D:10     | Killed Gastronok
 12219 | D:10     | Reached XP level 12. HP: 79/95 MP: 12/12
 12324 | D:10     | Got the Discourse on the Wayfarer
 12375 | Lair:1   | Entered Level 1 of the Lair of Beasts
 12399 | Lair:1   | Noticed Harold
 12410 | Lair:1   | Reached skill level 1 in Shields
 12440 | D:10     | Killed Harold
 12663 | Lair:1   | Reached skill level 9 in Dodging
 13055 | Lair:1   | Reached *** piety under Hepliaklqana
 13387 | Lair:1   | Reached skill level 10 in Dodging
 13681 | Lair:2   | Found a hole to the Spider Nest.
 13688 | Lair:2   | Reached skill level 15 in Fighting
 13732 | Lair:2   | Reached skill level 5 in Shields
 13886 | Lair:2   | Found a dark tunnel.
 13891 | Volcano  | Entered a volcano
 14109 | Volcano  | Found a burning altar of Makhleb.
 14109 | Volcano  | Noticed a sun demon
 14122 | Volcano  | Reached skill level 11 in Dodging
 14122 | Volcano  | Reached XP level 13. HP: 84/104 MP: 13/13
 14358 | Lair:2   | Reached skill level 15 in Long Blades
 14677 | Lair:2   | Identified the +2 trident of the Spinneret {drain, Dex+6}
 14707 | Lair:2   | Reached **** piety under Hepliaklqana
 15220 | Lair:3   | Reached skill level 5 in Stealth
 15226 | Lair:3   | Noticed Kirke
 15371 | Lair:3   | You fall into a shaft and drop 2 floors!
 15371 | Lair:5   | Entered Level 5 of the Lair of Beasts
 15445 | Lair:5   | Reached skill level 12 in Dodging
 15974 | Lair:3   | Killed Kirke
 16026 | Lair:3   | Found a staircase to the Shoals.
 16625 | Lair:3   | Reached XP level 14. HP: 86/113 MP: 14/14
 16663 | Lair:3   | Reached skill level 13 in Dodging
 17841 | Lair:5   | Found a runed translucent door.
 17841 | Lair:5   | Noticed Azoth's ghost (journeyman DsGl)
 17977 | Lair:5   | Reached ***** piety under Hepliaklqana
 18070 | Lair:5   | Found a viscous altar of Jiyva.
 18071 | Lair:5   | Found a staircase to the Slime Pits.
 18339 | Lair:5   | Reached skill level 14 in Dodging
 18339 | Lair:5   | Reached skill level 1 in Invocations
 19179 | D:11     | Found Mion's Armour Shop.
 19425 | D:11     | Found the +5 Lochaber axe {reach-cleave, Poleaxe ^Drain}
 19563 | D:11     | Identified the serpent talisman of Eternal Vigilance
                  | {Str+2}
 20063 | D:12     | Noticed Nessos
 20071 | D:12     | Killed Nessos
 20145 | D:12     | Reached XP level 15. HP: 69/120 MP: 18/18
 20210 | D:12     | Reached skill level 15 in Dodging
 20285 | D:12     | Reached skill level 5 in Invocations
 20328 | D:12     | Identified 2 scrolls of acquirement
 20371 | D:12     | Acquired the ring "Vibomn" {Will+ Dex+3}
 20373 | D:12     | Acquired the +3 double sword of the Inferno {freeze, Str+3
                  | Int-2 SInv}
 20421 | D:12     | Noticed Fannar
 20428 | D:12     | Killed Fannar
 20748 | D:13     | Found an ancient bone altar of Kikubaaqudgha.
 20942 | D:13     | Got the Commentary on Bewitchment and Movement
 21325 | D:14     | Noticed Roxanne
 21373 | D:14     | Found a runed translucent door.
 21448 | D:14     | Found a shimmering altar of Xom.
 21448 | D:14     | Noticed Ceno's ghost (journeyman AtWr)
 21452 | D:14     | Identified the +4 dire flail "Cegoor" {chaos, rElec Will+}
 21471 | D:14     | Noticed Frances
 21712 | D:14     | Reached skill level 16 in Dodging
 21745 | D:15     | Entered Level 15 of the Dungeon
 21858 | D:15     | Noticed a frost giant
 21924 | D:15     | Killed a frost giant
 22072 | D:15     | Found a staircase to the Depths.
 22312 | D:15     | Reached skill level 17 in Dodging
 22515 | D:15     | Reached XP level 16. HP: 91/130 MP: 21/21
 23175 | Orc:1    | Entered Level 1 of the Orcish Mines
 23302 | Orc:2    | Entered Level 2 of the Orcish Mines
 23308 | Orc:2    | Noticed Saint Roka
 23315 | Orc:2    | Reached skill level 1 in Armour
 23559 | Orc:1    | Killed Saint Roka
 23687 | Orc:2    | Reached ****** piety under Hepliaklqana
 24122 | Orc:1    | Noticed Erolcha
 24133 | Orc:1    | Killed Erolcha
 24433 | Orc:2    | Found Xaleis's Antique Armour Boutique.
 24433 | Orc:2    | Found Teplyev's Magic Scroll Shoppe.
 24435 | Orc:2    | Found Redic's General Store.
 24437 | Orc:2    | Found Len Acy's Armour Shop.
 24632 | Orc:2    | Found a staircase to the Elven Halls.
 25054 | Orc:2    | Bought a +0 pair of boots for 67 gold pieces
 25062 | Orc:2    | Bought a scroll of identify for 30 gold pieces
 25062 | Orc:2    | Bought a scroll of fog for 60 gold pieces
 25062 | Orc:2    | Bought 2 scrolls of teleportation for 90 gold pieces
 25062 | Orc:2    | Bought a scroll of teleportation for 45 gold pieces
 25062 | Orc:2    | Bought a scroll of identify for 30 gold pieces
 25064 | Orc:2    | Bought a scroll of enchant weapon for 112 gold pieces
 25066 | Orc:2    | Bought a scroll of fear for 40 gold pieces
 25066 | Orc:2    | Bought a potion of curing for 30 gold pieces
 25459 | D:2      | Bought a scroll of identify for 20 gold pieces
 25481 | D:2      | Bought a scroll of identify for 28 gold pieces
 25481 | D:2      | Bought a scroll of enchant armour for 105 gold pieces
 25481 | D:2      | Bought a scroll of teleportation for 42 gold pieces
 25481 | D:2      | Bought a scroll of identify for 28 gold pieces
 25481 | D:2      | Bought a scroll of fog for 56 gold pieces
 25481 | D:2      | Bought a scroll of identify for 28 gold pieces
 25501 | D:2      | Bought a scroll of teleportation for 75 gold pieces
 25501 | D:2      | Bought a scroll of butterflies for 100 gold pieces
 25501 | D:2      | Bought 3 scrolls of teleportation for 225 gold pieces
 25501 | D:2      | Bought a potion of haste for 250 gold pieces
 25501 | D:2      | Bought a potion of might for 100 gold pieces
 25501 | D:2      | Reached XP level 17. HP: 137/137 MP: 22/22
 25772 | Elf:1    | Entered Level 1 of the Elven Halls
 25822 | Elf:1    | Reached skill level 18 in Dodging
 26389 | Elf:1    | Found Qenwonigh's Assorted Antiques.
 26393 | Elf:1    | Bought a potion of curing for 93 gold pieces
 27050 | Elf:1    | Got Byschipt's Volume of Thunder
 27058 | Elf:1    | Got Ewiroili's Handbook of Pyromania
 27071 | Elf:1    | Got Puell's Vademecum on the Glacier
 27078 | Elf:1    | Got Nuhez's Directory of Silt
 27428 | Spider:1 | Entered Level 1 of the Spider Nest
 27638 | Spider:1 | Reached skill level 19 in Dodging
 28379 | Spider:2 | Reached XP level 18. HP: 129/146 MP: 1/23
 29250 | Spider:3 | Noticed Nikola
 29264 | Spider:3 | Killed Nikola
 29422 | Spider:3 | Identified the ring "Guqisoothe" {Fly rN+ Dex+4 Stlth-}
 29637 | Spider:4 | Entered Level 4 of the Spider Nest
 29734 | Spider:3 | Reached skill level 20 in Dodging
 31323 | Spider:4 | Reached skill level 21 in Dodging
 31339 | Spider:4 | Got a gossamer rune of Zot
 31549 | Shoals:1 | Entered Level 1 of the Shoals
 31849 | Shoals:1 | Found a runed translucent door.
 31849 | Shoals:1 | Noticed ragingrage's ghost (journeyman DsRe)
 31883 | Shoals:1 | Killed ragingrage's ghost
 31886 | Shoals:1 | Identified the +7 quarterstaff of Hubris {freeze, rN++
                  | Will+ Str+3}
 31887 | Shoals:1 | Identified the ring "Quackoir" {rC+ SInv}
 31923 | Shoals:1 | Acquired the +8 demon blade "Leech" {evervamp, Harm ^Drain
                  | rN+}
 31923 | Shoals:1 | Found the +8 demon blade "Leech" {evervamp, Harm ^Drain
                  | rN+}
 32008 | Shoals:2 | Reached XP level 19. HP: 155/155 MP: 24/24
 32357 | Shoals:2 | Found Ihoisimpuohu's Magic Scroll Shop.
 32386 | Shoals:2 | Bought a scroll of fear for 68 gold pieces
 32386 | Shoals:2 | Bought a scroll of revelation for 127 gold pieces
 32386 | Shoals:2 | Bought a scroll of revelation for 127 gold pieces
 33282 | Shoals:4 | Entered Level 4 of the Shoals
 33453 | Shoals:4 | Identified the ring of Divine Intervention {*Slow Will-
                  | rCorr Str+9 Int+6}
 33662 | Shoals:4 | Got an azure gem with 196 turns to spare
 33664 | Shoals:4 | Got a barnacled rune of Zot
 33739 | Shoals:4 | Reached skill level 22 in Dodging
 34488 | D:14     | Killed Frances
 34495 | D:14     | Found a gate to the Vaults.
 34522 | Vaults:1 | Entered Level 1 of the Vaults
 34554 | Vaults:1 | Found Xeeggicieq's Assorted Antiques.
 34569 | Vaults:1 | Bought a scroll of teleportation for 123 gold pieces
 34656 | Vaults:1 | Found Useab's Armour Boutique.
 34747 | Vaults:1 | Reached XP level 20. HP: 162/165 MP: 27/27
 35001 | Vaults:1 | Reached skill level 10 in Throwing
 35223 | Vaults:1 | Found Wujeniof's Jewellery Boutique.
 35564 | Vaults:1 | Found Gomidghe's Weapon Emporium.
 35651 | Vaults:1 | Reached skill level 23 in Dodging
 35672 | Vaults:1 | Found Xysmunwo's Assorted Antiques.
 36463 | Vaults:2 | Identified the orb "Cuogrout" {light, rF++}
 36463 | Vaults:2 | Noticed Frederick
 36603 | Vaults:2 | Noticed Mara
 36607 | Vaults:2 | Noticed whatisthis's illusion
 36932 | Vaults:2 | Noticed whatisthis's illusion
 37308 | Vaults:2 | Identified the +6 great sword "Backscratcher" {spect,
                  | Int+5}
 37371 | Vaults:2 | Noticed whatisthis's illusion
 37393 | Vaults:2 | Noticed whatisthis's illusion
 37439 | Vaults:2 | Noticed whatisthis's illusion
 37676 | Vaults:2 | Noticed whatisthis's illusion
 37692 | Vaults:2 | Killed Mara
 38087 | Vaults:3 | Found a portal to a secret trove of treasure.
 38121 | Vaults:3 | You paid a toll of 6 scrolls of fog to enter a treasure
                  | trove
 38122 | Trove    | Entered a treasure trove
 38127 | Trove    | Identified the +1 cloak of Imperfection {Rampage rPois rF-
                  | Dex+4}
 38130 | Trove    | Identified the scarf of Minor Irritation {repulsion, rElec}
 38132 | Trove    | Identified the +1 buckler of the Catamount {rElec rC-
                  | Int+7}
 38136 | Trove    | Identified the +0 ring mail of Dim Light {rElec rC- rCorr}
 38139 | Trove    | Identified the +1 robe of Doxof {Harm *Corrode rElec rF++}
 38143 | Trove    | Identified the +1 helmet of the Earth {+Blink rPois rCorr
                  | Int+3}
 38145 | Trove    | Identified the +0 helmet of the Gusle {Dex+4}
 38147 | Trove    | Identified the +0 pair of boots "Naubitta" {Rampage Str-3
                  | Slay+5 Stlth+}
 38155 | Trove    | Identified the +2 leather armour of Verdant Music {-Tele
                  | Will+++ Str-5 Dex+9}
 38157 | Trove    | Identified the +1 helmet of Bellicose the Good {Dex+5}
 38232 | Vaults:3 | Reached XP level 21. HP: 173/173 MP: 28/28
 38289 | Vaults:3 | Reached skill level 24 in Dodging
 38345 | Vaults:3 | Found a staircase to the Crypt.
 38533 | Vaults:3 | Noticed Donald
 38887 | Vaults:3 | Noticed Asterion
 38896 | Vaults:3 | Killed Asterion
 39173 | Vaults:3 | Killed Donald
 39737 | Vaults:4 | Found Ashacil's Antique Armour Boutique.
 39804 | Vaults:4 | Reached skill level 25 in Dodging
 39806 | Vaults:4 | Reached skill level 10 in Invocations
 39811 | Vaults:4 | Paralysed by a sphinx for 5 turns
 40138 | Vaults:4 | HP: 8/176 [vault warden/+0 long sword (26)]
 40520 | Vaults:4 | Reached XP level 22. HP: 178/183 MP: 30/30
 40550 | Vaults:4 | Identified the +5 mace of Gozag {freeze, rC+ Str+3 Int-5}
 40551 | Vaults:4 | Identified the +5 short sword of World's End {freeze, rC-
                  | rCorr Int+3}
 40562 | Vaults:4 | Identified the ring "Hoolumam" {rN+ Dex+2}
 41240 | Depths:1 | Entered Level 1 of the Depths
 41526 | Depths:1 | Found a glowing silver altar of Zin.
 41788 | Depths:1 | Found a gateway to Hell.
 41982 | Depths:2 | Found a one-way gate leading to the halls of Pandemonium.
 42261 | Depths:2 | Noticed a juggernaut
 42335 | Depths:2 | Killed a juggernaut
 43227 | Depths:2 | Reached skill level 26 in Dodging
 43415 | Depths:3 | Found a shadowy altar of Dithmenos.
 43419 | Depths:3 | Found a one-way gate to the infinite horrors of the Abyss.
 43582 | Depths:3 | Found a basalt altar of Yredelemnul.
 43626 | Depths:3 | Found Tiogoat's Assorted Antiques.
 43638 | Depths:3 | Bought a potion of curing for 135 gold pieces
 43688 | Depths:3 | Found Xaikakaf's Antique Weapon Boutique.
 43774 | Depths:3 | Found Jier's General Store.
 43782 | Depths:3 | Bought a scroll of silence for 142 gold pieces
 43782 | Depths:3 | Bought a scroll of fog for 60 gold pieces
 44700 | Depths:4 | Entered Level 4 of the Depths
 44785 | Depths:4 | Found a shimmering blue altar of Sif Muna.
 44820 | Depths:4 | Found a broken altar of Ashenzari.
 44845 | Depths:4 | Reached XP level 23. HP: 191/191 MP: 32/32
 45069 | Depths:4 | Found a one-way gateway to a ziggurat.
 45069 | Depths:4 | Noticed a golden dragon
 45075 | Depths:4 | Killed a golden dragon
 45324 | Depths:4 | Found a gate to the Realm of Zot.
 45429 | Depths:4 | Noticed Margery
 45839 | Depths:3 | Killed Margery
 45988 | Depths:4 | Reached skill level 15 in Throwing
 46367 | Depths:3 | Noticed a caustic shrike
 46369 | Depths:3 | Killed a caustic shrike
 46511 | Depths:4 | Voluntarily entered the Abyss.
 46817 | Abyss:1  | Reached skill level 27 in Dodging
 46916 | Depths:4 | Escaped the Abyss
 46966 | Depths:4 | Voluntarily entered the Abyss.
 47050 | Abyss:2  | Found a basalt altar of Yredelemnul.
 47061 | Abyss:2  | Found a corrupted altar of Lugonu.
 47095 | Abyss:2  | Found a corrupted altar of Lugonu.
 47101 | Abyss:2  | Found a corrupted altar of Lugonu.
 47102 | Abyss:2  | Found a corrupted altar of Lugonu.
 47102 | Abyss:2  | Found a corrupted altar of Lugonu.
 47226 | Abyss:2  | Found a corrupted altar of Lugonu.
 47264 | Abyss:3  | Found a corrupted altar of Lugonu.
 47600 | Abyss:3  | Noticed a dread lich
 47611 | Abyss:3  | Killed a dread lich
 47635 | Abyss:3  | Reached XP level 24. HP: 171/200 MP: 33/33
 47656 | Abyss:3  | Got an abyssal rune of Zot
 47748 | Depths:4 | Escaped the Abyss
 48084 | Orc:2    | Bought a scorched scale mail for 216 gold pieces
 48084 | Orc:2    | Identified the +0 scale mail "Nilumim" {rElec} (You bought
                  | it in a shop on level 2 of the Orcish Mines)
 48086 | Orc:2    | Bought glimmering fire dragon scales for 1560 gold pieces
 48086 | Orc:2    | Identified the +0 fire dragon scales of Gallantry {rF++ rC-
                  | Int+2 Dex+4} (You bought it in a shop on level 2 of the
                  | Orcish Mines)
 48432 | Vaults:5 | Entered Level 5 of the Vaults
 48439 | Vaults:5 | Found the +13 scythe of Curses {drain, curses, ^Drain}
 48502 | Vaults:5 | Identified the +3 scale mail "Udarogg" {rC+ Will- Dex+3}
 48518 | Vaults:5 | Reached skill level 15 in Invocations
 48761 | Abyss:3  | Cast into level 3 of the Abyss (a deep elf demonologist)
 48880 | Abyss:3  | Found a corrupted altar of Lugonu.
 48893 | Abyss:3  | Found a corrupted altar of Lugonu.
 48897 | Vaults:5 | Escaped the Abyss
 48928 | Vaults:5 | Identified the +7 scimitar "Jalitau" {flame, Will+ Str+2
                  | Int-3 Dex+3}
 48968 | Vaults:5 | Found Bariwops's Armour Boutique.
 49099 | Vaults:5 | Reached skill level 5 in Armour
 49102 | Vaults:5 | Noticed an ancient lich
 49146 | Vaults:5 | Killed an ancient lich
 49247 | Vaults:5 | Got the Exposition on the Tesseract and Creation
 49264 | Vaults:5 | Got the Essays on the Escort
 49389 | Vaults:5 | Reached XP level 25. HP: 199/208 MP: 35/35
 49442 | Vaults:5 | Got a silver rune of Zot
 49666 | Vaults:5 | Identified the staff of Xopiqo {rElec rCorr Air}
 49674 | Vaults:5 | Found Morecug's Assorted Antiques.
 50336 | Vaults:1 | Bought a potion of haste for 280 gold pieces
 50336 | Vaults:1 | Bought a potion of haste for 280 gold pieces
 50614 | Shoals:2 | Bought a scroll of enchant armour for 127 gold pieces
 50614 | Shoals:2 | Bought 2 scrolls of enchant armour for 255 gold pieces
 50945 | Zot:1    | Entered Level 1 of the Realm of Zot
 51405 | Zot:1    | Reached skill level 10 in Shields
 51495 | Zot:1    | Noticed Parghit
 51503 | Zot:1    | Killed Parghit
 51817 | Zot:2    | Got the Teachings on the Catalyst and Freezing
 52650 | Zot:3    | Noticed an orb of fire
 52653 | Zot:3    | Killed an orb of fire
 52818 | Zot:3    | Found a runed translucent door.
 52818 | Zot:3    | Noticed Xeareikh's ghost (veteran DrSh)
 52819 | Zot:3    | Found a shimmering altar of Xom.
 53314 | Zot:3    | Noticed an orb of fire
 53314 | Zot:3    | Noticed an orb of fire
 53360 | Zot:2    | Reached XP level 26. HP: 159/216 MP: 36/36
 54075 | Zot:5    | Entered Level 5 of the Realm of Zot
 54561 | Zot:5    | Noticed an orb of fire
 54573 | Zot:5    | Killed an orb of fire
 54751 | Zot:5    | Noticed a Killer Klown
 54751 | Zot:5    | Noticed an orb of fire
 54771 | Zot:5    | Noticed a Killer Klown
 54771 | Zot:5    | Noticed an orb of fire
 54771 | Zot:5    | Noticed a Killer Klown
 54888 | Zot:5    | Noticed a dread lich
 54891 | Zot:5    | Paralysed by a dread lich for 3 turns
 54899 | Zot:5    | Killed a dread lich
 54908 | Zot:5    | Noticed a dread lich
 54913 | Zot:5    | Killed a dread lich
 54917 | Zot:5    | Killed a Killer Klown
 54957 | Zot:5    | Noticed an ancient lich
 54962 | Zot:5    | Killed an ancient lich
 55038 | Zot:5    | Killed a Killer Klown
 55173 | Zot:5    | Killed an orb of fire
 55277 | Zot:5    | Killed an orb of fire
 55298 | Zot:5    | Killed a Killer Klown
 55301 | Zot:5    | Noticed a Killer Klown
 55369 | Zot:5    | Killed a Killer Klown
 55529 | Zot:5    | Noticed an orb of fire
 55531 | Zot:5    | Gained mutation: You occasionally lose the ability to read
                  | scrolls when taking damage. [an orb of fire]
 55536 | Zot:5    | Killed an orb of fire
 55822 | Zot:5    | Lost mutation: You occasionally lose the ability to read
                  | scrolls when taking damage. [potion of mutation]
 55822 | Zot:5    | Gained mutation: You have a pair of small antennae on your
                  | head. [potion of mutation]
 55822 | Zot:5    | Gained mutation: Your spells are a little harder to cast,
                  | but a little more powerful. [potion of mutation]
 55822 | Zot:5    | Gained mutation: You possess an exceptional clarity of
                  | mind. [potion of mutation]
 55829 | Zot:5    | Got the Orb of Zot
 55915 | Zot:4    | Lost mutation: You possess an exceptional clarity of mind.
                  | [mutagenic glow]
 55926 | Zot:4    | Noticed Suabos the pandemonium lord
 55927 | Zot:4    | Gained mutation: You occasionally lose the ability to read
                  | scrolls when taking damage. [mutagenic glow]
 55943 | Zot:3    | HP: 5/216 [Suabos the pandemonium lord (14)]
 56555 | D:$      | Escaped with the Orb!

Illustrated notes

Levels and vault maps discovered:
D:1:      eino_arrival_water_star, layout_rooms, serial_shops, shop,
          minivault_11, serial_bayou_pond_c
D:2:      wad_lake_hut, layout_loops_ring, serial_shops, shop,
          nicolae_square_shop, nicolae_square_shop, shop,
          nicolae_shop_behind_doors
D:3:      layout_basic, uniq_jessica
D:4:      minmay_wonky_spiral, layout_gridville,
          lightli_ossuary_entry_decrepit_ruins, st_stairs_14, uniq_eustachio
D:5:      layout_loops_ring, gammafunk_temple_overflow_statue,
          minmay_misc_feat_roman, chequers_decorated_corner
D:6:      layout_cave_pools
D:7:      layout_cave_pools, chequers_temple_overflow_statue_of_worship,
          cheibriados_altar_1, minmay_temple_entry_antechambers
D:8:      layout_loops_ring, uniq_pikel
D:9:      layout_loops_corners, hangedman_abyss_or_decor_clamps, minmay_ruffians
D:10:     layout_loops_ring, due_lair_maze_entry_diamond, orc_david_3,
          serial_shops, nicolae_lakefront_shop,
          serial_library_hellmonk_metal_room, uniq_joseph, uniq_maurice,
          uniq_gastronok
D:11:     minmay_wavy_crystal, layout_basic, serial_shops, shop
D:12:     layout_roguey, grunt_ministairs_2, uniq_nessos, uniq_fannar
D:13:     layout_loops_ring, kiku_gazebo_garden_becter
D:14:     kennysheep_bubbly, layout_cave_pools, david_vaults_2,
          ebering_ghost_xom, corexii_checkpoint, uniq_frances, uniq_roxanne
D:15:     hellmonk_depths_entry_around_the_bend, layout_stronghold,
          nicolae_tricolors, roderic_batcave
Temple:   nicolae_temple_bog_church
Lair:1:   layout_cave_pods, grunt_megastairs_2, infiniplex_staircase_pool,
          uniq_harold
Lair:2:   layout_small_grid, nicolae_spider_entry_lesser_pyramids,
          nicolae_volcano_entry_lava_flow, beast_lair_carwin_11
Lair:3:   layout_small_grid, minmay_shoals_entry_beasts, uniq_kirke
Lair:4:   layout_small_grid, grunt_megastairs_1
Lair:5:   grunt_lair_end_beastmaster, layout_gridlike,
          dpeg_slime_entry_enclosed, ebering_ghost_inner_flame,
          grunt_megastairs_4
Shoals:1: layout_shoals, gammafunk_ghost_grave
Shoals:2: layout_shoals, serial_shops, nicolae_shop_waterfront
Shoals:3: layout_shoals, nicolae_shoals_lost_giant_temple
Shoals:4: shoals_end_grunt_garden, layout_shoals
Spider:1: layout_spider_delve, drop_trap, nicolae_spider_nook
Spider:2: layout_spider_delve, nicolae_spider_eight_legs
Spider:3: layout_spider_delve, uniq_nikola
Spider:4: grunt_spider_rune_circles, nicolae_spider_acid_house
Orc:1:    layout_caves, uniq_erolcha
Orc:2:    st_orc_rangers, layout_diamond_mine, uniq_saint_roka
Elf:1:    eino_elf_arrival_customs, layout_geoelf_diagonals, serial_shops,
          shop_statue, serial_co_window_serial, co_window_of_opportunity_a,
          co_window_paths_a, co_window_paths_b, co_window_paths_a,
          co_window_paths_a, co_window_corner_a, co_window_corner_a,
          co_window_corner_cb, co_window_cross_4, co_window_corner_ca,
          co_window_corner_b, co_window_broadway_a, glass_columns_a,
          glass_columns_a, glass_columns_c, glass_columns_a, glass_columns_b,
          serial_library_hellmonk_h_bend, nicolae_elf_elemental_lessons
Vaults:1: nicolae_vaults_network_quincunx
          [nicolae_vaults_network_quincunx_subvault,
          nicolae_vaults_network_quincunx_subvault,
          nicolae_vaults_network_quincunx_subvault,
          nicolae_vaults_network_quincunx_subvault,
          nicolae_vaults_network_quincunx_subvault], ontoclasm_vaults_twist,
          grunt_vaults_funnel, nicolae_vaults_wine_cellar,
          nicolae_vaults_closet_pinwheel_1, grunt_vaults_trifunnel,
          nicolae_vaults_big_ls, nicolae_vaults_two_Ls,
          nicolae_vaults_tangram_1, vaults_dpeg_emergency_exit,
          layout_vaults_chaotic_city, serial_shops, nicolae_diamond_shop,
          nicolae_shop_getting_attention, shop, shop,
          nicolae_shop_tiny_waterfront
Vaults:2: v_misc_8, nicolae_vaults_trapezoid_layered, nicolae_vaults_mitosis,
          ontoclasm_vaults_ligature, hangedman_vaults_nodes, v_rooms_4,
          vaults_room_ringed_pool, hangedman_vaults_impose,
          nicolae_vaults_little_guard_posts, v_rooms_3,
          hangedman_vaults_river_flow, nicolae_vaults_network_star,
          nicolae_vaults_diamond_2, layout_vaults_omnicross, uniq_mara,
          uniq_frederick
Vaults:3: minmay_crypt_entry_simple_sparse,
          nicolae_vaults_offset_grid_hallway_2, hangedman_vaults_cutoff,
          nicolae_vaults_apartment_2, hangedman_vaults_variations, v_rooms_5,
          nicolae_vaults_trapezoid_lopsided_2, vaults_dpeg_hooks,
          v_alt_pattern_1, nicolae_vaults_little_squares_6,
          nicolae_vaults_trapezoid_lopsided_1, nicolae_vaults_trapezoid_1,
          layout_vaults_omnibox, nicolae_trove_entry_isolated, uniq_donald,
          uniq_asterion
Vaults:4: vaults_mumra_hex, nicolae_vaults_storing_the_good_stuff,
          nicolae_vaults_closet_pinwheel_5, v_misc_29,
          nicolae_vaults_storage_room_doors, vaults_mumra_minichess_inversion,
          vaults_dpeg_diagonal, nicolae_vaults_three_branches,
          nicolae_vaults_little_squares_4, v_misc_27, layout_vaults_quadrants,
          serial_shops, nicolae_shop_trees
Vaults:5
Depths:1: layout_cave_pools, hellmouth_1, serial_bayou_pond_a,
          kennysheep_decorative_pillar, minmay_gold_behind_fungi, zin_statuary
Depths:2: minmay_bloctagon_deflated, layout_honeycomb,
          nicolae_hell_entry_hellmouth_sunbeams, minmay_misc_feat_secret_circle,
          grunt_pan_entry_in_and_out, infiniplex_staircase_zigzag_1
Depths:3: minmay_connected_triangles_in_corner, layout_gridlike,
          grunt_pan_entry_sceptre, nicolae_dithmenos_the_darkroom,
          pf_hell_entry_tar_spiral, serial_shops, nicolae_shop_crystal,
          nicolae_shop_dealshenge, shop, abyss_entry,
          yredelemnul_forgotten_temple_becter
Depths:4: grunt_twist_and_shout, layout_gridlike, enter_ziggurat_a,
          hangedman_coc_ice_floe, ashenzari_conservatory_becter,
          rand_demon_pan_entry_1, abyss_entry, tgw_sif, uniq_margery
Zot:1:    layout_misc_corridors, uniq_parghit
Zot:2:    layout_gridlike, regret_index_zotdec_obsidian_hm
Zot:3:    regret_index_infernal_bastille, layout_concentric_octagons,
          ebering_ghost_xom
Zot:4:    layout_gridlike
Zot:5:    layout_gridlike

Skill      XL: |  1  2  3  4  5  6  7  8  9 10 11 12 13 14 15 16 17 18 19 20 21 22 23 24 25 26 |
---------------+-------------------------------------------------------------------------------+-----
Long Blades    | 1 2 3 4 5 7 10 12 14 16 17 18 | 18.1
Dodging        | 2 3 4 5 6 8 11 12 14 17 19 21 22 23 25 26 27 | 27.0
Fighting       | 3 4 6 7 9 11 13 15 16 17 18 19 20 21 22 23 24 25 26 | 26.8
Shields        | 5 6 9 12 14 | 14.4
Stealth        | 7 8 |  8.0
Invocations    | 4 7 9 10 12 14 16 18 19 | 19.9
Throwing       | 3 4 6 7 9 11 13 14 15 16 18 | 18.2
Armour         | 3 5 8 |  8.0
Short Blades   | |  2.4

Action                     |  1- 3 |  4- 6 |  7- 9 | 10-12 | 13-15 | 16-18 | 19-21 | 22-24 | 25-27 || total
---------------------------+-------+-------+-------+-------+-------+-------+-------+-------+-------++-------
  Melee: Dagger            |   120 |   186 |   164 |    71 |    41 |       |       |       |       ||   582
         Tailslap          |     5 |     5 |       |       |       |    43 |    48 |    22 |     3 ||   126
         Punch             |       |     1 |     6 |       |       |       |       |       |       ||     7
         Rapier            |       |       |   181 |       |       |       |       |       |       ||   181
         Falchion          |       |       |   241 |   215 |       |       |       |       |       ||   456
         Long sword        |       |       |       |   410 |   272 |       |       |       |       ||   682
         Unarmed           |       |       |       |       |     3 |       |       |       |       ||     3
         Great sword       |       |       |       |       |   296 |       |       |       |       ||   296
         Double sword      |       |       |       |       |   191 |   816 |       |       |       ||  1007
         Demon blade       |       |       |       |       |       |    12 |   946 |   891 |   528 ||  2377
  Throw: Dart              |       |    20 |    50 |    25 |    22 |    14 |    12 |       |     2 ||   145
         Javelin           |       |     4 |    19 |     5 |     7 |       |    13 |    26 |    32 ||   106
         Boomerang         |       |       |       |       |       |    65 |    81 |    58 |   171 ||   375
         Throwing net      |       |       |       |       |       |       |     2 |       |       ||     2
 Invoke: Recall Ancestor   |       |       |       |     6 |     4 |     2 |     6 |    11 |    11 ||    40
         Ancestor Life: Ba |       |       |       |     1 |       |       |       |       |       ||     1
         Idealise          |       |       |       |       |       |       |    10 |    18 |     7 ||    35
Ability: Evoke Blink       |       |       |       |       |       |     1 |     1 |       |       ||     2
  Evoke: Wand              |       |       |     7 |     2 |     3 |    13 |     9 |       |    11 ||    45
         Lightning rod     |       |       |       |       |       |       |       |       |     2 ||     2
    Use: Potion            |       |     1 |     1 |       |     1 |     2 |     6 |     7 |    35 ||    53
         Scroll            |       |       |    11 |     3 |    16 |    13 |     6 |    12 |    16 ||    77
   Stab: Sleeping          |     7 |     6 |     5 |       |     8 |     8 |    10 |    11 |     5 ||    60
         Distracted        |       |       |     1 |    10 |    22 |    26 |    46 |    39 |    19 ||   163
         Invisible         |       |       |       |       |     3 |       |       |       |       ||     3
         Held in net/web   |       |       |       |       |       |       |     1 |       |       ||     1
         Petrifying        |       |       |       |       |       |       |       |     1 |       ||     1
 Armour: Robe              |    49 |    66 |    86 |       |       |       |       |       |       ||   201
         Leather armour    |       |       |   125 |    70 |       |       |       |       |       ||   195
         Troll leather arm |       |       |       |   104 |       |       |       |       |       ||   104
         Scale mail        |       |       |       |    95 |   448 |   348 |   419 |   256 |       ||  1566
         Skin              |       |       |       |       |     5 |       |       |       |       ||     5
         Fire dragon scale |       |       |       |       |       |       |       |   106 |   264 ||   370
  Dodge: Dodged            |    82 |   173 |   607 |   395 |   602 |   849 |   887 |   708 |   385 ||  4688
  Block: Kite shield       |       |       |       |   267 |   359 |   675 |   646 |   601 |   461 ||  3009
         Reflection        |       |       |       |       |       |       |     8 |    19 |     8 ||    35

Table legend: (Time is in decaauts)
 A = Elapsed time spent in this place.
 B = Non-inter-level travel time spent in this place.
 C = Inter-level travel time spent in this place.
 D = Time resting spent in this place.
 E = Time spent auto-exploring this place.
 F = Levels seen in this place.
 G = Mean time per level.
                   A        B        C        D        E       F      G
               +--------+--------+--------+--------+--------+-----+--------+
         Total |  54927 |  49676 |   5251 |   6961 |  15926 |  54 | 1017.2 |
       Dungeon |  17854 |  15512 |   2342 |   2332 |   6627 |  15 | 1190.3 |
        Temple |     28 |     22 |      6 |     12 |      0 |   1 |   28.0 |
          Lair |   6651 |   6002 |    649 |    774 |   2611 |   5 | 1330.2 |
        Shoals |   2068 |   1870 |    198 |     48 |    384 |   4 |  517.0 |
   Spider Nest |   3881 |   3644 |    237 |    457 |   1574 |   4 |  970.2 |
  Orcish Mines |   2117 |   1715 |    402 |    217 |    795 |   2 | 1058.5 |
   Elven Halls |   1496 |   1433 |     63 |    114 |    546 |   1 | 1496.0 |
        Vaults |   8381 |   7774 |    607 |    837 |   1604 |   5 | 1676.2 |
        Depths |   5803 |   5299 |    504 |   1157 |   1773 |   4 | 1450.8 |
           Zot |   4619 |   4380 |    239 |    796 |      0 |   5 |  923.8 |
         Abyss |   1258 |   1258 |      0 |     85 |      0 |   5 |  251.6 |
         Trove |     43 |     43 |      0 |      0 |      0 |   1 |   43.0 |
       Ossuary |    327 |    327 |      0 |     73 |      8 |   1 |  327.0 |
       Volcano |    394 |    394 |      0 |     57 |      0 |   1 |  394.0 |
               +--------+--------+--------+--------+--------+-----+--------+

Top non-repeatable levels by time:
Depths:3: 2078 daAuts
Vaults:2: 1982 daAuts
Vaults:4: 1884 daAuts
    D:10: 1879 daAuts
   Zot:5: 1657 daAuts
Vaults:1: 1655 daAuts
  Lair:5: 1591 daAuts
Depths:2: 1589 daAuts
Vaults:5: 1577 daAuts
Spider:4: 1567 daAuts
     D:3: 1512 daAuts
  Lair:3: 1508 daAuts
   Elf:1: 1496 daAuts
Depths:4: 1430 daAuts
   Orc:2: 1426 daAuts
